 Dungeon Crawl Stone Soup version 0.18-a0-1203-gbde16db (webtiles) character file.

258 namelastname112 the Shooter (level 5, -10/36 HPs)
             Began as a High Elf Hunter on Feb 2, 2016.
             Was a Follower of Dithmenos.
             Mangled by an ogre
             ... wielding a +0 giant club
              (29 damage)
             ... on level 4 of the Dungeon.
             The game lasted 00:08:27 (4828 turns).

namelastname112 the Shooter (High Elf Hunter)       Turns: 4828, Time: 00:08:27

Health: -10/36     AC:  4    Str: 11    XL:     5   Next: 94%
Magic:  6/6        EV: 12    Int: 15    God:    Dithmenos [*.....]
Gold:   182        SH:  0    Dex: 16    Spells: 0 memorised, 4 levels left

rFire  . . .     SeeInvis .     b - +0 short sword
rCold  . . .     Gourm    .     c - +0 leather armour
rNeg   . . .     Faith    .     (no shield)
rPois  .         Spirit   .     (no helmet)
rElec  .         Dismiss  .     l - +0 cloak
rCorr  .         Reflect  .     (no gloves)
SustAt .         Harm     .     (no boots)
MR     .....                    (no amulet)
Stlth  ++........               (no ring)
                                k - -2 ring of evasion (curse)

@: wreathed by umbra, not resistant to hostile enchantments, unstealthy
A: no striking features
a: Renounce Religion


You were on level 4 of the Dungeon.
You worshipped Dithmenos.
Dithmenos was aware of your devotion.
You were hungry.

You visited 1 branch of the dungeon, and saw 4 of its levels.

You collected 182 gold pieces.

Inventory:

Hand Weapons
 a - a +2 shortbow
 b - a +0 short sword (weapon)
Missiles
 d - 16 arrows
Armour
 c - a +0 leather armour (worn)
 l - a +0 cloak (worn)
Jewellery
 k - a cursed -2 ring of evasion (left hand)
Scrolls
 m - a scroll of recharging
 n - a scroll of amnesia
Potions
 h - a potion of lignification
 i - 2 potions of curing
 j - a potion of flight {unknown}
 o - a potion of invisibility
 p - a potion of might
Comestibles
 f - a bread ration


   Skills:
 + Level 3.4 Fighting
 + Level 2.1 Short Blades
 + Level 6.5 Bows
 + Level 4.3 Dodging
 - Level 2.0 Stealth


You had 4 spell levels left.
You didn't know any spells.

Dungeon Overview and Level Annotations

Branches:
Dungeon (4/15)
 Temple: D:4-7

Altars:
Ashenzari
Cheibriados
Dithmenos
Sif Muna


Message History

You puncture the ogre!
The ogre is moderately wounded.
The ogre barely misses you.
You closely miss the ogre.
The ogre is moderately wounded.
You hit the ogre.
The ogre is heavily wounded.
The ogre barely misses you.
You completely miss the ogre.
The ogre is heavily wounded.
The ogre hits you with a giant club!!
Ouch! That really hurt!
You hit the ogre.
The ogre is heavily wounded.
The ogre barely misses you.
You see here a ring mail.
You are feeling hungry.
The ogre hits you with a giant club!!
Ouch! That really hurt!
You die...

#.....# #.#
#.#<### #.#
#.# #.# #.#
#.# #.# #.#
#.# #.#
#.########.#
#..........##
#..######.O@##
#..#####.###.#
#........# #.#
#.######.###.#
#<# ##[..##
#.# ##.## #.#
#.# #.. #.#
##. #.#


You could see an ogre.

Vanquished Creatures
  A scorpion (D:4)
  An orc priest (D:3)
  5 adders
  3 gnolls (D:3)
  An ooze (D:2)
  4 worms (D:2)
  3 giant geckos
  11 orcs
  3 giant cockroaches
  10 goblins
  7 hobgoblins
  6 jackals
  2 ball pythons (D:2)
  3 bats
  5 giant newts (D:2)
  9 kobolds
  8 rats
82 creatures vanquished.

Notes
Turn   | Place    | Note
--------------------------------------------------------------
     0 | D:1      | namelastname112 the High Elf Hunter began the quest for the Orb.
     0 | D:1      | Reached XP level 1. HP: 14/14 MP: 2/2
   148 | D:1      | Reached XP level 2. HP: 14/19 MP: 3/3
   939 | D:2      | Reached XP level 3. HP: 16/25 MP: 4/4
  1784 | D:2      | Reached XP level 4. HP: 16/30 MP: 5/5
  2565 | D:2      | Found a shadowy altar of Dithmenos.
  2579 | D:2      | Became a worshipper of Dithmenos the Shadowed
  2730 | D:3      | Reached skill level 6 in Bows
  3174 | D:3      | Reached skill level 1 in Short Blades
  3833 | D:3      | Reached XP level 5. HP: 36/36 MP: 6/6
  4404 | D:3      | Found a deep blue altar of Sif Muna.
  4468 | D:3      | Found a shattered altar of Ashenzari.
  4709 | D:4      | Found a snail-covered altar of Cheibriados.
  4714 | D:4      | Reached * piety under Dithmenos
  4771 | D:4      | Noticed an ogre
  4828 | D:4      | Mangled by an ogre

Vault maps used:
D:1:      lightli_arrival_statue_moat
D:2:      old_standard_altar
D:3:      lemuel_doored_altar, lemuel_crystal_altar
D:4:      yredelemnul_forgotten_temple_becter, cheibriados_altar_1, first_bread,
          amalloy_card_club

Action                   |  1- 3 |  4- 6 || total
-------------------------+-------+-------++-------
Melee: Trident           |    89 |    48 ||   137
       Short sword       |       |    75 ||    75
 Fire: Shortbow          |    38 |   102 ||   140
  Use: Potion            |     3 |       ||     3
       Scroll            |     2 |     7 ||     9
 Stab: Invisible         |     2 |       ||     2
       Sleeping          |       |     4 ||     4
       Distracted        |       |     1 ||     1
  Eat: Chunk             |     3 |     9 ||    12
